 Dungeon Crawl Stone Soup version 0.30.1-11-g7821555f0a (webtiles) character file.

Game seed: 8787324947691947817

55313 lonewolfV2 the Peltast (level 15, -16/120 HPs)
             Began as a Formicid Fighter on Dec 7, 2023.
             Was a Priest of Qazlal.
             Killed from afar by a frost giant (30 damage)
             ... with a bolt of cold
             ... on level 15 of the Dungeon.
             The game lasted 00:33:58 (17992 turns).

lonewolfV2 the Peltast (Formicid Fighter)          Turns: 17992, Time: 00:33:59

Health: -16/120    AC: 28    Str: 28    XL:     15   Next: 17%
Magic:  26/26      EV: 12    Int:  9    God:    Qazlal [***...]
Gold:   1252       SH: 20    Dex: 21    Spells: 14/14 levels left

rFire   . . .        G - +7 battleaxe (heavy)
rCold   . . .        Q - +0 kite shield
rNeg    . . .        K - +5 plate armour of Prudence {Will+ Str+3 Stlth+}
rPois   .            (helmet unavailable)
rElec   .            i - +1 cloak
rCorr   .            f - +2 pair of gloves
SInv    +            D - +1 pair of boots
Will    ++...        (no amulet) Stlth
                     j - +6 ring of dexterity
HPRegen 0.40/turn    q - +5 ring of evasion
MPRegen 0.20/turn

%: no passive effects
@: no status effects
A: permanent stasis, dig shafts and tunnels, antennae 3, four strong arms
a: Dig, Shaft Self, Renounce Religion, Upheaval, Elemental Force


You were on level 15 of the Dungeon.
You worshipped Qazlal.
Qazlal was most pleased with you.
You visited 2 branches of the dungeon, and saw 16 of its levels.
You also visited: Ossuary and Bailey.

You collected 1252 gold pieces.

Inventory:

Hand Weapons
 G - a +7 heavy battleaxe (weapon)
 O - a +1 war axe of flaming
Armour
 f - a +2 pair of gloves (worn)
 i - a +1 cloak (worn)
 D - a +1 pair of boots (worn)
 K - the +5 plate armour of Prudence (worn) {Will+ Str+3 Stlth+}
   (You took it off a gnoll in a bailey)

   Str:       It affects your strength (+3).
   Will:      It increases your willpower.
   Stlth:     It makes you more stealthy.
 Q - a +0 kite shield (worn)
Jewellery
 b - a ring of magical power
 h - a ring of poison resistance
 j - a +6 ring of dexterity (left hand)
 q - a +5 ring of evasion (right hand)
 s - a ring of willpower
 t - a ring of ice
Wands
 l - a wand of light (18)
 x - a wand of iceblast (13)
 C - a wand of flame (20)
 I - a wand of charming (5)
 N - a wand of digging (6)
Scrolls
 m - 10 scrolls of teleportation
 y - 8 scrolls of blinking
 A - 3 scrolls of fear
 E - 3 scrolls of enchant armour
 H - a scroll of butterflies
 J - 2 scrolls of magic mapping
 P - 2 scrolls of identify
Potions
 a - 4 potions of attraction {unknown}
 d - 6 potions of degeneration
 e - 3 potions of invisibility
 g - 4 potions of brilliance
 k - 3 potions of haste
 n - 4 potions of magic
 o - 5 potions of lignification
 p - a potion of flight
 r - 8 potions of curing
 v - 5 potions of cancellation
 w - a potion of resistance
 z - 4 potions of mutation
 B - 2 potions of might
Miscellaneous
 L - a lightning rod (3/4)


   Skills:
 * Level 12.0 Fighting
 - Level 10.4 Axes
 - Level 11.2 Armour
 - Level 16.6 Shields
 + Level 15.2 Invocations


You had 14 spell levels left.
You didn't know any spells.
Your spell library contained the following spells:

 Spells                   Type           Power      Damage    Failure   Level
 Apportation              Tloc           0%         N/A       99%         1
 Foxfire                  Conj/Fire      0%         2x1d4     99%         1
 Freeze                   Ice            0%         1d3       99%         1
 Necrotise                Necr           0%         1d4       99%         1
 Summon Small Mammal      Summ           0%         N/A       99%         1
 Frozen Ramparts          Ice            0%         1d1       100%        3
 Hailstorm                Conj/Ice       0%         3d3       100%        3
 Manifold Assault         Tloc           0%         N/A       100%        4
 Fireball                 Conj/Fire      0%         3d3       100%        5
 Dispersal                Tloc           0%         N/A       100%        6
 Plasma Beam              Fire/Air       0%         2x1d11    100%        6
 Starburst                Conj/Fire      0%         6d3       100%        6
 Disjunction              Tloc           0%         N/A       100%        8


Dungeon Overview and Level Annotations

Branches:
Dungeon (15/15)            Temple (1/1) D:7            Lair (0/5) D:8
    Orc (0/2) D:10         Vaults (0/5) D:13         Depths (0/4) D:15
Ossuary (visited)          Bailey (visited)

Altars:
Ashenzari
Cheibriados
Dithmenos
Fedhas
Gozag
Hepliaklqana
Makhleb
Qazlal
Ru
Sif Muna
Uskayaw
Vehumet
Wu Jian
Xom
Yredelemnul
Zin

Shops:
D:8 !   D:11 *

Annotations:
D:1 1 transporter
D:6 2 transporters, Barill's ghost, amateur TrCK
D:12 3 runed translucent doors, Angrytalen2's ghost, journeyman MiGl


Innate Abilities, Weirdness & Mutations

You cannot be hasted, slowed, berserked, paralysed or teleported.
You can dig through walls and to a lower floor.
You have a pair of large antennae on your head. (SInv)
Your four strong arms can wield two-handed weapons with a shield.


Message History

A blizzard blasts the area with ice!
The blast of ice hits you!
* * * LOW HITPOINT WARNING * * *
You are encased in ice.
The blast of ice hits the frost giant!
The frost giant partially resists.
The frost giant is severely wounded.
The frost giant is flash-frozen.
The frost giant hits you but does no damage.
You are confused.
You feel invigorated.
The frost giant is no longer encased in ice.
The frost giant points at you and mumbles some strange words.
The bolt of cold misses you.
You bump into the stone wall.
The ice encasing you melts away. The frost giant completely misses you.
You slash the frost giant!
The frost giant is almost dead.
The frost giant gestures at you while chanting.
The bolt of cold hits you but does no damage.
The frost giant hits you with a +2 battleaxe of freezing.
* * * LOW HITPOINT WARNING * * *
The frost giant freezes you.
* * * LOW HITPOINT WARNING * * *
You bump into the stone wall.
The frost giant hits you but does no damage.
You're too confused to move!
The frost giant hits you with a +2 battleaxe of freezing!
* * * LOW HITPOINT WARNING * * *
The frost giant freezes you.
* * * LOW HITPOINT WARNING * * *
You feel better.
You feel less invigorated.
The frost giant hits you with a +2 battleaxe of freezing!
* * * LOW HITPOINT WARNING * * *
The frost giant freezes you.
* * * LOW HITPOINT WARNING * * *
You feel better.
The frost giant points at you and mumbles some strange words.
The bolt of cold hits you!!
You die...

##########
#≈≈......
#≈.#≈≈≈###+#
###......#...#
#)).##≈..+.>.#
#.#......# ..#
#.#≈.#≈≈≈###C#
#.#≈≈.......@#
#.############
#..# ##.# #.#
#.# ###
##.#######
..###........#
..##.........#


You could see a frost giant.

Vanquished Creatures
  Frances (D:14)
  Nessos (D:13)
  4 hydras (D:15)
  2 ogre magi (D:13)
  4 vault guards (D:13)
  A centaur warrior (D:15)
  5 two-headed ogres
  2 boulder beetles
  2 tengu warriors (D:15)
  3 death yaks (D:8)
  4 skeletal warriors (D:15)
  Pikel (D:4)
  2 orc knights
  3 manticores
  8 ugly things
  A deep elf pyromancer (D:14)
  4 cyclopes
  4 gargoyles
  Maggie (D:6)
  2 unseen horrors
  A yaktaur (D:15)
  An efreet (D:13)
  A hornet (D:9)
  3 trolls
  A centaur simulacrum (D:15)
  A spriggan (D:9)
  17 slime creatures
  3 shadows
  2 wyverns
  2 vampires (D:9)
  A yak (shapeshifter) (D:13)
  4 wraiths
  5 yaks (D:8)
  Eustachio (D:4)
  3 steam dragons
  2 acid dragons (D:11)
  2 water moccasins
  11 orc warriors
  An ice beast (D:5)
  A black bear (D:7)
  5 boggarts
  A sky beast (D:7)
  2 ogres
  2 centaurs
  2 phantoms
  5 kobold brigands
  An elf zombie (Ossuary)
  5 bullfrogs
  3 gnoll sergeants
  4 scorpions
  4 wights (D:9)
  6 howler monkeys
  5 orc priests
  4 jellies
  A human zombie (Ossuary)
  5 hounds
  7 orc wizards
  A sleepcap (D:6)
  Natasha (thrice) (D:2)
  4 iguanas
  2 hell rats (D:8)
  3 mummies (Ossuary)
  9 adders
  15 gnolls
  A river rat (D:8)
  A white imp (D:7)
  4 ufetubi
  3 worms
  A dart slug (D:3)
  44 orcs
  2 bats
  4 endoplasms (D:2)
  4 giant cockroaches
  A gnoll zombie (Ossuary)
  13 hobgoblins
  17 kobolds
  6 quokkas
  6 ball pythons
  3 frilled lizards (D:2)
  16 goblins
  4 hobgoblin zombies (Ossuary)
  2 kobold zombies (Ossuary)
  5 rats
354 creatures vanquished.

Vanquished Creatures (collateral kills)
  An orc warlord (Bailey)
  2 orc knights (Bailey)
  A slime creature (D:13)
  A gnoll (Bailey)
  An orc (Bailey)
  2 goblins (Bailey)
  2 hobgoblins (Bailey)
10 creatures vanquished.

Grand Total: 364 creatures vanquished

Notes
Turn   | Place    | Note
-------+----------+-------------------------------------------
     0 | D:1      | lonewolfV2 the Formicid Fighter began the quest for the
                  | Orb.
     0 | D:1      | Reached XP level 1. HP: 18/18 MP: 1/1
   401 | D:2      | Reached XP level 2. HP: 24/24 MP: 2/2
   556 | D:2      | Noticed Natasha
   579 | D:2      | Killed Natasha
   580 | D:2      | Reached XP level 3. HP: 19/30 MP: 3/3
   742 | D:2      | Noticed Natasha
   762 | D:2      | Killed Natasha
   763 | D:2      | Reached XP level 4. HP: 10/37 MP: 4/4
   868 | D:2      | Noticed Natasha
   889 | D:2      | Killed Natasha
   890 | D:2      | Reached XP level 5. HP: 24/42 MP: 5/5
  1639 | D:3      | Found a hazy altar of Hepliaklqana.
  1709 | D:3      | Identified the +10 spear of the Destroying Gnat {freeze,
                  | Fragile Str+5 Int+4}
  1768 | D:3      | Found a glowing silver altar of Zin.
  1776 | D:3      | Found a shadowy altar of Dithmenos.
  1781 | D:3      | Found an opulent altar of Gozag.
  1788 | D:3      | Found a radiant altar of Vehumet.
  1794 | D:3      | Found a basalt altar of Yredelemnul.
  1802 | D:3      | Found a stormy altar of Qazlal.
  1807 | D:3      | Found a shimmering blue altar of Sif Muna.
  1815 | D:3      | Became a worshipper of Qazlal Stormbringer
  1919 | D:3      | Found a sacrificial altar of Ru.
  2039 | D:3      | Found a hide-covered altar of Uskayaw.
  2039 | D:3      | Found an ornate altar of the Wu Jian Council.
  2312 | D:4      | Reached XP level 6. HP: 23/49 MP: 6/6
  2322 | D:4      | Reached skill level 5 in Axes
  2329 | D:4      | Reached skill level 5 in Fighting
  2818 | D:4      | Noticed Eustachio
  2853 | D:4      | Killed Eustachio
  2854 | D:4      | Reached XP level 7. HP: 57/57 MP: 7/7
  2985 | D:4      | Noticed Pikel
  3011 | D:4      | Killed Pikel
  3012 | D:4      | Reached XP level 8. HP: 30/67 MP: 8/8
  3491 | D:5      | Entered Level 5 of the Dungeon
  3645 | D:5      | Reached * piety under Qazlal
  3758 | D:5      | Reached skill level 5 in Shields
  4096 | D:5      | Reached skill level 5 in Armour
  4096 | D:5      | Reached skill level 6 in Shields
  4253 | D:5      | Reached XP level 9. HP: 72/72 MP: 9/9
  4952 | D:6      | Reached skill level 7 in Shields
  5080 | D:6      | Found a broken altar of Ashenzari.
  5138 | D:6      | Found a transporter.
  5138 | D:6      | Found a transporter.
  5138 | D:6      | Noticed Barill's ghost (amateur TrCK)
  5141 | D:6      | Noticed a queen bee
  5212 | D:6      | Reached skill level 8 in Shields
  5236 | D:6      | Found a sand-covered staircase.
  5275 | Ossuary  | Entered an ossuary
  6040 | D:6      | Reached skill level 9 in Shields
  6092 | D:6      | Reached skill level 1 in Invocations
  6172 | D:6      | Reached ** piety under Qazlal
  6175 | D:6      | Noticed Maggie
  6204 | D:6      | Killed Maggie
  6205 | D:6      | Reached XP level 10. HP: 23/79 MP: 9/12
  6681 | D:7      | Reached skill level 5 in Invocations
  6681 | D:7      | Found a staircase to the Ecumenical Temple.
  6900 | D:7      | Found a blossoming altar of Fedhas.
  7385 | Temple   | Entered the Ecumenical Temple
  8206 | D:8      | Noticed a death yak
  8227 | D:8      | Killed a death yak
  8228 | D:8      | Reached XP level 11. HP: 44/89 MP: 17/17
  8463 | D:8      | Noticed a death yak
  8477 | D:8      | Noticed a death yak
  8493 | D:8      | Killed a death yak
  8498 | D:8      | Killed a death yak
  8577 | D:8      | Found a staircase to the Lair.
  8880 | D:8      | Found Jysox's Distillery.
  8951 | D:8      | Reached skill level 10 in Invocations
  9153 | D:8      | Reached *** piety under Qazlal
  9649 | D:9      | Identified the +4 dagger of Mourning {freeze, +Blink Int+3}
  9683 | D:9      | Noticed a two-headed ogre
  9698 | D:9      | Killed a two-headed ogre
 10350 | D:9      | Found a burning altar of Makhleb.
 10485 | D:10     | Entered Level 10 of the Dungeon
 10600 | D:10     | Reached **** piety under Qazlal
 10720 | D:10     | Found a flagged portal.
 10733 | Bailey   | Entered a bailey
 10812 | Bailey   | Noticed an orc knight
 10812 | Bailey   | Noticed an orc knight
 10817 | Bailey   | Killed an orc knight
 10818 | Bailey   | Reached skill level 10 in Axes
 10838 | Bailey   | Killed an orc knight
 10847 | Bailey   | Reached XP level 12. HP: 88/95 MP: 14/20
 10847 | Bailey   | Identified the +5 plate armour of Prudence {Will+ Str+3
                  | Stlth+}
 10852 | Bailey   | Noticed an orc warlord
 10866 | Bailey   | Killed an orc warlord
 11222 | D:10     | Found a staircase to the Orcish Mines.
 11594 | D:10     | Found a snail-covered altar of Cheibriados.
 11909 | D:11     | Found Zin's Purification Station.
 11914 | D:11     | Found a glowing silver altar of Zin.
 12345 | D:11     | Noticed a two-headed ogre
 12355 | D:11     | Killed a two-headed ogre
 12965 | D:12     | Noticed Angrytalen2's ghost (journeyman MiGl)
 12965 | D:12     | Found a runed translucent gate.
 12965 | D:12     | Found a runed translucent gate.
 12965 | D:12     | Found a runed translucent gate.
 13068 | D:12     | Identified the +11 hand axe of the Butterfly {freeze, rElec
                  | rPois rCorr Stlth+}
 13156 | D:12     | Noticed a boulder beetle
 13161 | D:12     | Killed a boulder beetle
 13162 | D:12     | Reached skill level 10 in Armour
 13264 | D:12     | Noticed a two-headed ogre
 13272 | D:12     | Killed a two-headed ogre
 13648 | D:12     | Reached skill level 10 in Fighting
 13824 | D:12     | Noticed a two-headed ogre
 13827 | D:12     | Killed a two-headed ogre
 14825 | D:13     | Noticed Nessos
 14834 | D:13     | Killed Nessos
 14835 | D:13     | Reached XP level 13. HP: 50/106 MP: 13/22
 15140 | D:13     | Reached skill level 12 in Shields
 15140 | D:13     | Reached XP level 14. HP: 106/113 MP: 23/23
 15403 | D:13     | Reached skill level 13 in Shields
 15601 | D:13     | Found a gate to the Vaults.
 15613 | D:13     | Reached skill level 14 in Shields
 15898 | D:14     | You fall into a shaft and drop 1 floor!
 15898 | D:15     | Entered Level 15 of the Dungeon
 15953 | D:15     | Reached skill level 15 in Shields
 16036 | D:15     | Reached skill level 16 in Shields
 16836 | D:14     | Reached XP level 15. HP: 87/119 MP: 26/26
 17141 | D:14     | Noticed Frances
 17147 | D:14     | Killed Frances
 17148 | D:14     | Reached skill level 15 in Invocations
 17981 | D:15     | Found a staircase to the Depths.
 17981 | D:15     | Noticed a frost giant
 17991 | D:15     | HP: 6/120 [frost giant/+2 battleaxe of freezing (5)]
 17992 | D:15     | Killed from afar by a frost giant

Illustrated notes

Levels and vault maps discovered:
D:1:      spicycebolla_arrival_risky_transporter, layout_rooms,
          minmay_liquid_box
D:2:      layout_loops_corners, uniq_natasha
D:3:      layout_rooms, nicolae_ru_sacrificial_ziggurat,
          nicolae_hepliaklqana_hazy_memory, grunt_temple_overflow_octagram,
          gammafunk_temple_overflow_pools
D:4:      layout_loops_cross, uniq_pikel, uniq_eustachio
D:5:      layout_basic
D:6:      layout_loops_corners, cheibrodos_ashenzari_chains,
          nicolae_ossuary_entry_monument, gammafunk_ghost_hive,
          minmay_unpleasant_kobolds, uniq_maggie
D:7:      layout_cave_pods, mainiacjoe_overflow_cross_hatched, temple_fountains,
          minmay_misc_feat_tower
D:8:      layout_loops_ring, dpeg_lair_monsters, serial_shops,
          kennysheep_mini_moat, kennysheep_generic_room_11
D:9:      layout_irregular_city, mainiacjoe_overflow_alcove_1, the_hattery
D:10:     layout_loops_ring, chei_slow_surprise, orc_0_dummy, enter_bailey_5,
          roderic_serpentine_path, minmay_misc_feat_x
D:11:     layout_basic, zin_purify
D:12:     layout_grid_maze, gammafunk_ghost_nasty_kobolds
D:13:     layout_basic, grunt_vaults_entry_fortified, uniq_nessos
D:14:     layout_gridville, dreamdust_princess_corridor, uniq_frances
D:15:     grunt_enter_depths_snipers, layout_rooms, nicolae_vehumet_altar_sigil,
          minmay_increasing_density
Temple:   nicolae_temple_superstar

Skill      XL: |  1  2  3  4  5  6  7  8  9 10 11 12 13 14 15 |
---------------+----------------------------------------------+-----
Axes           | 3 4 5 7 10 | 10.4
Fighting       | 4 5 7 9 11 12 | 12.0
Armour         | 5 7 8 10 11 | 11.2
Shields        | 6 9 12 16 | 16.6
Invocations    | 3 9 11 13 14 15 | 15.2

Action                     |  1- 3 |  4- 6 |  7- 9 | 10-12 | 13-15 || total
---------------------------+-------+-------+-------+-------+-------++-------
  Melee: War axe           |    68 |   150 |   285 |   363 |    11 ||   877
         Battleaxe         |       |       |       |    81 |   141 ||   222
 Invoke: Elemental Force   |       |       |       |     5 |       ||     5
         Upheaval          |       |       |       |     3 |     6 ||     9
Ability: Dig               |       |       |       |     1 |       ||     1
  Evoke: Wand              |       |       |       |     8 |       ||     8
         Lightning rod     |       |       |       |       |     3 ||     3
    Use: Scroll            |     3 |     4 |     8 |    11 |     1 ||    27
         Potion            |       |     2 |     2 |       |     9 ||    13
   Stab: Invisible         |       |       |       |     3 |       ||     3
         Distracted        |       |       |       |     1 |       ||     1
         Paralysed         |       |       |       |     2 |       ||     2
 Armour: Scale mail        |    37 |    54 |    30 |       |       ||   121
         Plate armour      |       |       |    29 |   168 |   155 ||   352
         Chain mail        |       |       |    12 |       |       ||    12
  Dodge: Dodged            |    38 |    96 |   147 |   194 |   112 ||   587
  Block: Buckler           |    14 |    50 |   103 |   280 |   158 ||   605
         Kite shield       |       |       |       |       |    11 ||    11
